 Dungeon Crawl Stone Soup version 0.27.1-34-g3ba077fa99 (webtiles) character file.

Game seed: 13781433288372216207

827 Sharkman1231 the Ducker (level 7, -2/52 HPs)
             Began as a Demonspawn Hedge Wizard on Jan 17, 2022.
             Slain by a phantom (7 damage)
             ... on level 5 of the Dungeon.
             The game lasted 00:06:00 (5574 turns).

Sharkman1231 the Ducker (Demonspawn Hedge Wizard)   Turns: 5574, Time: 00:06:01

Health: -2/52      AC:  8    Str: 10    XL:     7   Next: 64%
Magic:  11/11      EV: 13    Int: 15    God:
Gold:   26         SH:  0    Dex: 15    Spells: 6/12 levels left

rFire    . . .     SeeInvis .   h - +2 falchion (vorpal)
rCold    . . .     Faith    .   (no shield)
rNeg     . . .     Spirit   .   d - +0 robe
rPois    .         Reflect  .   c - +0 helmet
rElec    .         Harm     .   e - +1 cloak
rCorr    .         Rampage  .   (no gloves)
Will     .....                  (no boots)
Stlth    ++........             (no amulet)
HPRegen  0.17/turn              (no ring)
MPRegen  0.12/turn              (no ring)

@: no status effects
A: slimy green scales 2, powered by pain 1
a: no special abilities


You were on level 5 of the Dungeon.
You visited 1 branch of the dungeon, and saw 5 of its levels.

You collected 125 gold pieces.
You spent 99 gold pieces at shops.

Inventory:

Hand Weapons
 b - a +1 dagger of flaming
 h - a +2 vorpal falchion (weapon)
Armour
 c - a +0 helmet (worn)
 d - a +0 robe (worn)
 e - a +1 cloak (worn)
 g - a +1 ring mail of fire resistance
 k - a +0 kite shield
Jewellery
 o - a +6 ring of strength
Scrolls
 f - a scroll of identify {unknown}
 j - a scroll of immolation {unknown}
 l - a scroll of vulnerability {unknown}
Potions
 p - 2 potions of curing
 q - a potion of lignification


   Skills:
 + Level 3.0 Fighting
 + Level 2.7(3.3) Short Blades
 + Level 2.8(3.4) Long Blades
 + Level 3.4 Dodging
 - Level 1.7 Stealth
 + Level 3.2 Spellcasting
 + Level 3.2 Conjurations
 - Level 1.0 Summonings
 - Level 0.8 Translocations
 + Level 2.2 Air Magic
 + Level 2.6 Poison Magic


You had 6 spell levels left.
You knew the following spells:

 Your Spells              Type           Power      Damage    Failure   Level
a - Magic Dart            Conj           48%        1d5       5%          1
b - Blink                 Tloc           N/A        N/A       22%         2
c - Mephitic Cloud        Conj/Pois/Air  10%        N/A       19%         3

Your spell library contained the following spells:

 Spells                   Type           Power      Damage    Failure   Level
 Call Imp                 Summ           5%         N/A       21%         2
 Slow                     Hex            2%         N/A       30%         2
 Conjure Flame            Conj/Fire      7%         6-21      30%         3


Dungeon Overview and Level Annotations

Branches:
Dungeon (5/15)             Temple (0/1) D:5

Altars:
Ashenzari
Elyvilon
Fedhas
Wu Jian

Shops:
D:4 (   D:5 !=


Innate Abilities, Weirdness & Mutations

You are mostly covered in slimy green scales. (AC +3)
You sometimes gain a little power by taking damage.


Message History

Found a blossoming altar of Fedhas.
You slash the fungus!
The fungus begins to die.
The fungus is lightly damaged.
You slash the fungus!
The fungus begins to die.
The fungus is lightly damaged.
The phantom misses you. The phantom hits you!
You hit the fungus.
The fungus is lightly damaged.
The phantom hits you but does no damage.
You hit the fungus.
The fungus begins to die.
The fungus is lightly damaged.
A nearby fungus withers and dies.
The phantom hits you.
You hit the phantom.
The phantom is moderately damaged.
A nearby fungus withers and dies.
The phantom hits you but does no damage.
You slash the phantom!
The phantom is heavily damaged.
The phantom hits you!
You hear the slow rusting of a very distant drain.
A nearby fungus withers and dies.
You hit the phantom.
The phantom is severely damaged.
The phantom hits you!
* * * LOW HITPOINT WARNING * * *
You closely miss the phantom.
The phantom is severely damaged.
The phantom misses you.
You riposte.
You hit the phantom.
The phantom is almost destroyed.
You completely miss the phantom.
The phantom is almost destroyed.
The phantom hits you.
* * * LOW HITPOINT WARNING * * *
The phantom blinks!
You blink.
The phantom hits you.
* * * LOW HITPOINT WARNING * * *
The phantom blinks!
You blink.
You barely miss the phantom.
The phantom is almost destroyed.
The phantom hits you!
You die...

########## #########
.........# #.......#
.........# #.#..§P.#
.........# #W#.§PPP#
.........# #.#P§_PP#
.........# #.#P@PPP#
.........####.#.PWP.#
..............#.###.#
.........######..,,.#
.........#,,,,#.#**##
.....>####,**,#.#****
#...### *,**,#.,,,,*
#####*****,*,,##***,*
≈≈≈≈≈≈≈≈**,*,**** *,*


You could see a phantom.

Vanquished Creatures
  Sigmund (D:2)
  A lemure (D:5)
  3 scorpions (D:5)
  A jelly (D:4)
  2 orc priests (D:3)
  A hound (D:4)
  2 iguanas
  Natasha (thrice) (D:3)
  A killer bee zombie (D:3)
  2 howler monkey skeletons (D:5)
  4 gnolls
  6 adders
  A worm (D:2)
  6 dart slugs
  15 orcs
  6 ball pythons
  8 endoplasms
  5 giant cockroaches
  8 goblins
  2 hobgoblins
  3 quokkas
  4 bats
  4 frilled lizards
  9 kobolds
  7 rats
105 creatures vanquished.

Vanquished Creatures (others)
  3 fungi (D:5)
3 creatures vanquished.

Grand Total: 108 creatures vanquished

Notes
Turn   | Place    | Note
-------+----------+-------------------------------------------
     0 | D:1      | Sharkman1231 the Demonspawn Hedge Wizard began the quest
                  | for the Orb.
     0 | D:1      | Reached XP level 1. HP: 13/13 MP: 4/4
   308 | D:1      | Gained mutation: You are partially covered in slimy green
                  | scales. (AC +2) [demonic ancestry]
   308 | D:1      | Reached XP level 2. HP: 14/20 MP: 6/6
   624 | D:1      | Learned a level 2 spell: Blink
  1270 | D:2      | Reached skill level 1 in Fighting
  1270 | D:2      | Reached skill level 1 in Short Blades
  1270 | D:2      | Gained mutation: You sometimes gain a little power by
                  | taking damage. [demonic ancestry]
  1270 | D:2      | Reached XP level 3. HP: 24/26 MP: 7/7
  1317 | D:2      | Reached skill level 1 in Long Blades
  1674 | D:2      | Learned a level 3 spell: Mephitic Cloud
  2130 | D:2      | Noticed Sigmund
  2149 | D:3      | Reached XP level 4. HP: 19/32 MP: 8/8
  2288 | D:3      | Noticed Natasha
  2301 | D:3      | Killed Natasha
  2580 | D:3      | Gained mutation: You are mostly covered in slimy green
                  | scales. (AC +3) [demonic ancestry]
  2580 | D:3      | Reached XP level 5. HP: 28/38 MP: 9/9
  2800 | D:3      | Noticed Natasha
  2808 | D:3      | Killed Natasha
  2809 | D:3      | Reached skill level 1 in Poison Magic
  3001 | D:3      | Reached skill level 1 in Air Magic
  3680 | D:3      | Noticed Natasha
  3688 | D:3      | Killed Natasha
  3689 | D:3      | Reached XP level 6. HP: 44/44 MP: 4/10
  3925 | D:2      | Killed Sigmund
  4642 | D:4      | Reached XP level 7. HP: 26/51 MP: 11/11
  4820 | D:4      | Found an ornate altar of the Wu Jian Council.
  4846 | D:4      | Found Toditepy's Weapon Shoppe.
  5138 | D:4      | Found a broken altar of Ashenzari.
  5405 | D:5      | Entered Level 5 of the Dungeon
  5405 | D:5      | Found Zysuytoe's Distillery.
  5425 | D:5      | Bought 2 potions of curing for 66 gold pieces
  5425 | D:5      | Bought a potion of lignification for 33 gold pieces
  5447 | D:5      | Found Wohy's Jewellery Boutique.
  5561 | D:5      | Found a blossoming altar of Fedhas.
  5574 | D:5      | Slain by a phantom

Illustrated notes

Levels and vault maps discovered:
D:1:      dpeg_arrival_water_temple_mockup, layout_basic
D:2:      layout_basic, grunt_ministairs_10, st_stairs_10, uniq_sigmund
D:3:      layout_loops_cross, mainiacjoe_overflow_chevrons, minmay_door_square,
          serial_park_tiny_pond, uniq_natasha
D:4:      layout_loops_ring, mainiacjoe_overflow_tiny_flanked,
          mainiacjoe_overflow_six_doors_small, serial_shops,
          kennysheep_mini_moat
D:5:      layout_basic, fedhas_altar_3, minmay_temple_entry_poolview,
          serial_shops, nicolae_shop_crystal, shop, shop, nicolae_shop_trees,
          nicolae_shop_statue_plus, portal_sewer_entry_a, saegor_snake_ambush,
          uniq_crazy_yiuf_cottage, uniq_pikel

Skill      XL: |  1  2  3  4  5  6  7 |
---------------+----------------------+-----
Dodging        | 2 3 |  3.4
Fighting       | 1 2 3 |  3.0
Short Blades   | 1 2 |  2.7
Long Blades    | 1 2 |  2.8
Conjurations   | 2 3 |  3.2
Poison Magic   | 1 2 |  2.6
Air Magic      | 1 2 |  2.2
Stealth        | |  1.7
Spellcasting   | |  3.2
Summonings     | |  1.0
Translocations | |  0.8

Action                   |  1- 3 |  4- 6 |  7- 9 || total
-------------------------+-------+-------+-------++-------
Melee: Falchion          |   109 |   112 |    77 ||   298
 Cast: Mephitic Cloud    |       |     6 |     1 ||     7
       Magic Dart        |       |     5 |     4 ||     9
  Use: Scroll            |       |     2 |     2 ||     4
       Potion            |       |       |     2 ||     2
 Stab: Sleeping          |     6 |     2 |     1 ||     9
       Distracted        |       |     2 |       ||     2
       Confused          |       |     4 |     3 ||     7
Armor: Robe              |    33 |    22 |    23 ||    78
Dodge: Dodged            |    76 |    71 |    44 ||   191
       Rpst.: Falchion   |    18 |    25 |    13 ||    56
